 Dungeon Crawl Stone Soup version 0.17-a0-1951-g62301d3 (webtiles) character file.

4360 4thArraOfDagon the Basher (level 10, -1/107 HPs)
             Began as an Ogre Hunter on Oct 2, 2015.
             Was a Believer of Cheibriados.
             Slain by a killer bee (2 damage)
             ... on level 11 of the Dungeon.
             The game lasted 00:17:23 (2746 turns).

4thArraOfDagon the Basher (Ogre Hunter)             Turns: 2746, Time: 00:17:24

Health: -1/107     AC:  5    Str: 25    XL:     10   Next: 34%
Magic:  10/14      EV: 10    Int: 19    God:    Cheibriados [**....]
Gold:   41         SH:  0    Dex: 16    Spells: 2 memorised, 7 levels left

rFire  . . .     SeeInvis .     m - +0 giant spiked club
rCold  + . .     Clarity  .     x - +1 robe {rC+}
rNeg   . . .     SustAt   .     (no shield)
rPois  .         Gourm    .     (helmet restricted)
rElec  .         Spirit   .     l - +0 cloak
rCorr  .         Warding  .     (gloves unavailable)
rMut   .         Stasis   .     (boots unavailable)
MR     +....                    f - amulet of faith
Stlth  ++........               E - -3 ring of evasion (curse)
                                d - ring of invisibility

@: very slightly contaminated, very slow, somewhat resistant to hostile
enchantments, unstealthy
A: unfitting armour, tough skin 1
a: Bend Time, Renounce Religion, Evoke Invisibility


You were on level 11 of the Dungeon.
You worshipped Cheibriados.
Cheibriados was pleased with you.
You were hungry.

You visited 1 branch of the dungeon, and saw 11 of its levels.

You collected 153 gold pieces.
You spent 112 gold pieces at shops.

Inventory:

Hand weapons
 a - a +0 giant club
 b - a +0 blowgun
 c - a +0 short sword
 g - a +0 giant club
 m - a +0 giant spiked club (weapon)
 w - a +0 flail
 B - a +0 dagger of distortion
Missiles
 o - 6 tomahawks (quivered)
 p - 24 poisoned needles
 s - a throwing net
Armour
 l - a +0 cloak (worn)
 x - a +1 robe of cold resistance (worn)
 F - a +2 robe of fire resistance
Jewellery
 d - a ring of invisibility (left hand)
 f - an amulet of faith (around neck)
 D - an uncursed ring of wizardry
 E - a cursed -3 ring of evasion (right hand)
Potions
 h - a potion of degeneration {unknown}
 i - a potion of haste
 j - a potion of mutation {unknown}
 k - 2 potions of brilliance {unknown}
 r - a potion of berserk rage {unknown}
 C - a potion of flight
Comestibles
 e - 3 bread rations
 n - 3 fruits
 A - a meat ration


   Skills:
 - Level 9.1 Fighting
 * Level 12.4 Maces & Flails
 - Level 4.3 Throwing
 + Level 5.9 Dodging
 - Level 0.7 Stealth
 + Level 6.6 Invocations


You had 7 spell levels left.
You knew the following spells:

 Your Spells              Type           Power        Failure   Level  Hunger
a - Animate Skeleton      Necr           N/A          21%         1    ##.....
b - Apportation           Tloc           #.........   21%         1    ##.....


Dungeon Overview and Level Annotations

Branches:
Dungeon (11/15)              Lair (0/8) D:8
 Temple: D:4-7          Orc: D:9-12

Altars:
Ashenzari
Cheibriados
Dithmenos
Fedhas
Gozag
Makhleb
Ru
Xom

Shops:
D:5 *   D:8 *   D:10 !

Annotations:
D:8 Joseph


Innate Abilities, Weirdness & Mutations

You are too large for most types of armour.
You have tough skin (AC +1).


Message History

Use which ability?
You warp the flow of time around you!
You are feeling hungry.
You can no longer warp the flow of time around you.
Unknown command.
Use which ability?
Okay, then.
Unknown command.
Throwing (i - inventory. (,) - cycle):
o - 7 tomahawks (quivered)
Press: ? - help, Shift-Dir - straight line, f/p - killer bee
Aim: a killer bee You throw a tomahawk.
The tomahawk misses the killer bee.
Throwing (i - inventory. (,) - cycle):
o - 6 tomahawks (quivered)
Press: ? - help, Shift-Dir - straight line, f/p - killer bee
Aim: a killer bee
Okay, then.
You barely miss the killer bee. The killer bee stings you.
* * * LOW HITPOINT WARNING * * *
The killer bee stings you.
You die...

#...#
...# ....
#..# #..#
##..###+#
+(......#
#.y@....#
#...(...#
##..##..+
#..# .#
#..# #
+..+ #..#
##+#


You could see a killer bee.

Vanquished Creatures
  Erolcha (D:9)
  Pikel (D:8)
  A hill giant (D:10)
  A centaur zombie (D:10)
  Psyche (D:9)
  A two-headed ogre (D:10)
  A yak (D:9)
  A wolf (D:8)
  Menkaure (D:7)
  2 slaves (D:8)
  An orc warrior (D:9)
  2 ice beasts
  2 phantoms (D:8)
  2 centaurs (D:6)
  2 giant frogs
  A big kobold (D:8)
  6 killer bees
  2 wights
  A wyvern simulacrum (D:9)
  A crimson imp (D:6)
  2 jellies
  2 giant frog skeletons
  2 orc wizards (D:6)
  3 worker ants
  An iguana (D:4)
  A wasp simulacrum (D:9)
  A worker ant zombie (D:9)
  6 adders
  A worker ant simulacrum (D:9)
  An ufetubus (D:9)
  3 worms
  3 giant geckos
  10 orcs
  A ball python (D:1)
  3 giant cockroaches
  A goblin (D:4)
  2 hobgoblins (D:2)
  3 jackals (D:2)
  8 kobolds
  A quokka (D:8)
  A bat (D:1)
  4 giant newts
  A jackal zombie (D:7)
  3 rats
95 creatures vanquished.

Vanquished Creatures (others)
  A slave (D:9)
1 creature vanquished.

Grand Total: 96 creatures vanquished

Notes
Turn   | Place    | Note
--------------------------------------------------------------
     0 | D:1      | 4thArraOfDagon the Ogre Hunter began the quest for the Orb.
     0 | D:1      | Reached XP level 1. HP: 22/22 MP: 1/1
   110 | D:2      | Reached XP level 2. HP: 22/32 MP: 2/2
   159 | D:2      | Reached XP level 3. HP: 8/41 MP: 3/3
   207 | D:2      | Reached skill level 5 in Fighting
   317 | D:2      | Found a burning altar of Makhleb.
   364 | D:2      | Reached XP level 4. HP: 35/50 MP: 4/4
   459 | D:4      | Reached skill level 6 in Fighting
   551 | D:3      | Found a faded altar to an unknown god.
   706 | D:5      | Entered Level 5 of the Dungeon
   740 | D:5      | Found a sacrificial altar of Ru.
   752 | D:5      | Found Tosaalul's Assorted Antiques.
   755 | D:5      | Bought a glowing orange potion for 18 gold pieces
   755 | D:5      | Bought a bubbling purple potion for 18 gold pieces
   779 | D:5      | Noticed a centaur
   804 | D:5      | Bought a fizzy yellow potion for 18 gold pieces
   923 | D:6      | Noticed a centaur
   961 | D:7      | Noticed a giant frog
   976 | D:6      | Noticed an ice beast
   991 | D:6      | Killed an ice beast
   991 | D:6      | Reached XP level 5. HP: 23/61 MP: 5/5
   992 | D:6      | Killed a giant frog
   992 | D:6      | Reached skill level 7 in Fighting
   992 | D:6      | Reached XP level 6. HP: 26/71 MP: 6/6
  1026 | D:6      | Found a shattered altar of Ashenzari.
  1065 | D:6      | Killed a centaur
  1114 | D:6      | Reached skill level 5 in Maces & Flails
  1114 | D:6      | Reached XP level 7. HP: 38/79 MP: 7/7
  1334 | D:7      | Found an opulent altar of Gozag.
  1395 | D:6      | Found a blossoming altar of Fedhas.
  1395 | D:6      | Found a shimmering altar of Xom.
  1399 | D:6      | Found a snail-covered altar of Cheibriados.
  1407 | D:6      | Became a worshipper of Cheibriados the Contemplative
  1408 | D:6      | :/
  1426 | D:7      | Noticed Menkaure
  1428 | D:7      | Killed Menkaure
  1428 | D:7      | Reached skill level 8 in Fighting
  1467 | D:6      | Reached skill level 1 in Invocations
  1572 | D:8      | Noticed Joseph
  1641 | D:8      | Acquired Cheibriados's first power
  1652 | D:8      | Reached XP level 8. HP: 39/88 MP: 9/9
  1693 | D:8      | Found Wenn's Assorted Antiques.
  1696 | D:8      | Bought a scroll labeled BUOKHL RESAGRE for 31 gold pieces
  1696 | D:8      | Bought a fuming silvery potion for 27 gold pieces
  1731 | D:9      | Noticed Erolcha
  1736 | D:9      | Killed Erolcha
  1736 | D:9      | Reached skill level 9 in Fighting
  1737 | D:9      | Noticed Pikel
  1775 | D:8      | Found a staircase to the Lair.
  1883 | D:8      | Reached XP level 9. HP: 27/98 MP: 11/11
  2086 | D:8      | Killed Pikel
  2086 | D:8      | Reached skill level 10 in Maces & Flails
  2324 | D:9      | Noticed Psyche
  2328 | D:9      | Killed Psyche
  2328 | D:9      | Reached skill level 5 in Invocations
  2432 | D:9      | Reached skill level 11 in Maces & Flails
  2432 | D:9      | Reached skill level 5 in Dodging
  2449 | D:9      | Learned a level 1 spell: Animate Skeleton
  2451 | D:9      | Learned a level 1 spell: Apportation
  2575 | D:10     | Entered Level 10 of the Dungeon
  2591 | D:9      | Reached XP level 10. HP: 79/107 MP: 14/14
  2618 | D:10     | Found Yhilount's Distillery.
  2618 | D:10     | Noticed a hill giant
  2621 | D:10     | Killed a hill giant
  2621 | D:10     | Reached skill level 12 in Maces & Flails
  2625 | D:10     | Noticed a centaur zombie
  2636 | D:10     | Killed a centaur zombie
  2636 | D:10     | Acquired Cheibriados's second power
  2716 | D:10     | Found a shadowy altar of Dithmenos.
  2746 | D:11     | HP: 1/107 [killer bee (6)]
  2746 | D:11     | Slain by a killer bee

Vault maps used:
D:1:      dpeg_arrival_simpleton_a, serial_forest,
          infiniplex_forest_clump_large, infiniplex_forest_clump_medium,
          infiniplex_forest_straight_1, infiniplex_forest_clump_cross,
          infiniplex_forest_end_double, infiniplex_forest_clump_small,
          serial_bayou_pond_e, item_on_display_a
D:2:      kennysheep_goblin_castle, lightli_temple_of_fire, first_bread,
          minmay_statues_item, minmay_misc_feat_diagonals
D:3:      gammafunk_temple_overflow_statue, lemuel_round_altar,
          ecumenical_altar_1
D:5:      minmay_temple_entry_enclosed_plants, serial_shops,
          nicolae_shop_behind_doors, nicolae_zen_rock_garden,
          hangedman_decor_peaks_small, nicolae_ru_sacrificial_ziggurat
D:6:      evilmike_ruin_ashenzari, nicolae_overflow_hidden_temple,
          portal_sewer_entry_b
D:7:      kennysheep_mini_moat, lemuel_blue_sif_altar, trog_ov_bears_minmay,
          serial_shops, shop, roderic_serpentine_path, uniq_menkaure
D:8:      dpeg_oklobed_lair, serial_shops, shop, uniq_joseph
D:9:      nemelex_deck, enter_bailey_2, serial_ice, serial_ice_g, serial_ice_o,
          serial_ice_f, serial_ice_n, serial_ice_a, uniq_pikel, uniq_psyche,
          uniq_erolcha
D:10:     david_orc_5, serial_shops, shop, nicolae_shop_stone,
          hangedman_fish_farm, minivault_4, grunt_dithmenos_smoke, uniq_erica

Action                   |  1- 3 |  4- 6 |  7- 9 | 10-12 || total
-------------------------+-------+-------+-------+-------++-------
Melee: Short sword       |    62 |    41 |       |       ||   103
       Flail             |       |     1 |    49 |       ||    50
       Giant club        |       |       |    75 |     9 ||    84
       Giant spiked club |       |       |       |     9 ||     9
Throw: Large rock        |    17 |    23 |    35 |     7 ||    82
       Throwing net      |     4 |     4 |     2 |       ||    10
       Tomahawk          |       |       |     1 |     8 ||     9
Invok: Temporal Distorti |       |       |       |     1 ||     1
 Abil: Evoke Invisibilit |       |       |       |     1 ||     1
  Use: Scroll            |       |    12 |     4 |     1 ||    17
       Potion            |       |       |     4 |     1 ||     5
  Eat: Chunk             |       |     1 |     1 |       ||     2
       Pizza             |       |       |     1 |       ||     1
       Beef jerky        |       |       |     1 |       ||     1
